 Dungeon Crawl Stone Soup version 0.30.1 (webtiles) character file.

Game seed: 9474327229799812504

15832 Draugr the Geomancer (level 12, -2/67 HPs)
             Began as a Gargoyle Earth Elementalist on July 4, 2023.
             Was an Elder of Vehumet.
             Slain by a culicivora (16 damage)
             ... on level 3 of the Lair of Beasts.
             The game lasted 01:09:19 (14161 turns).

Draugr the Geomancer (Gargoyle Earth Elementalist) Turns: 14161, Time: 01:09:20

Health: -2/67      AC: 18    Str: 14    XL:     12   Next: 31%
Magic:  13/33      EV: 12    Int: 25    God:    Vehumet [****..]
Gold:   616        SH:  0    Dex: 10    Spells: 1/27 levels left

rFire   + . .        J - +5 dagger (elec)
rCold   . . .        (no shield)
rNeg    + + .        N - +0 troll leather armour
rPois   ∞            y - +0 helmet
rElec   +            (no cloak)
rCorr   .            x - +0 pair of gloves
SInv    .            S - +2 pair of boots
Will    .....        o - amulet of regeneration
Stlth   ++++         c - ring "Wotoid" {+Blink rF+ rN+ Int+6 Stlth+}
HPRegen 1.91/turn    q - ring of magical power
MPRegen 0.23/turn

%: no passive effects
@: invisible
A: sickness immunity, AC +8, negative energy resistance 1, electricity
resistance, torment resistance 1, petrification resistance
a: Renounce Religion, Evoke Blink


You were on level 3 of the Lair of Beasts.
You worshipped Vehumet.
Vehumet was greatly pleased with you.
You visited 3 branches of the dungeon, and saw 14 of its levels.

You collected 840 gold pieces.
You spent 224 gold pieces at shops.

Inventory:

Hand Weapons
 a - a +4 short sword
 l - a +1 dagger of pain
 m - a +2 spectral dagger
 J - a +5 dagger of electrocution (weapon)
Armour
 x - a +0 pair of gloves (worn)
 y - a +0 helmet (worn)
 G - +0 steam dragon scales
 N - a +0 troll leather armour (worn)
 S - a +2 pair of boots (worn)
Jewellery
 c - the ring "Wotoid" (left hand) {+Blink rF+ rN+ Int+6 Stlth+}
   (You acquired it on level 3 of the Dungeon)

   [ring of intelligence]

   Int:       It affects your intelligence (+6).
   rF:        It protects you from fire.
   rN:        It protects you from negative energy.
   +Blink:    It lets you blink.
   Stlth:     It makes you more stealthy.
 o - an amulet of regeneration (around neck)
 q - a ring of magical power (right hand)
 L - a +4 ring of protection
 M - a +4 ring of protection
 R - a +6 ring of intelligence
Wands
 g - a wand of mindburst (32)
 D - a wand of paralysis (7)
 K - a wand of polymorph (14)
 P - a wand of acid (2)
 Q - a wand of flame (15)
Scrolls
 d - 4 scrolls of immolation
 e - 4 scrolls of fog
 i - 3 scrolls of summoning
 k - 2 scrolls of fear
 n - a scroll of poison {unknown}
 s - 2 scrolls of vulnerability
 u - 4 scrolls of teleportation
 B - a scroll of enchant armour {unknown}
 E - 2 scrolls of magic mapping
 I - a scroll of noise {unknown}
Potions
 b - 2 potions of magic
 f - 2 potions of might
 j - 5 potions of curing
 p - 2 potions of flight
 r - 6 potions of attraction {unknown}
 t - 5 potions of heal wounds {unknown}
 v - a potion of brilliance {unknown}
 z - 2 potions of lignification {unknown}
 A - a potion of mutation {unknown}
 C - a potion of cancellation {unknown}
 H - 2 potions of haste {unknown}
 O - a potion of berserk rage {unknown}


   Skills:
 - Level 4.4 Fighting
 - Level 3.3 Short Blades
 - Level 1.0 Maces & Flails
 - Level 3.6 Armour
 + Level 2.8 Dodging
 - Level 7.0 Stealth
 - Level 8.2 Spellcasting
 - Level 7.0 Conjurations
 - Level 2.9 Hexes
 - Level 4.0 Transmutations
 - Level 7.3 Fire Magic
 - Level 4.2 Air Magic
 - Level 8.7 Earth Magic
 - Level 4.4 Evocations


You had one spell level left.
You knew the following spells:

 Your Spells              Type           Power      Damage    Failure   Level
a - Sandblast             Erth           100%       2d20      1%          1
b - Stone Arrow           Conj/Erth      98%        3d13      1%          3
c - Sticky Flame          Conj/Fire      46%        2d6       1%          4
d - Scorch                Fire           94%        2d9       1%          2
e - Dazzling Flash        Conj/Hex       70%        N/A       1%          3
f - Airstrike             Air            15%        2d(3-19)  3%          4
g - Petrify               Tmut/Erth      42%        N/A       5%          4
h - Lee's Rapid Deconstr  Erth           26%        3d14*     1%          5

Your spell library contained the following spells:

 Spells                   Type           Power      Damage    Failure   Level
 Beastly Appendage        Tmut           60%        N/A       1%          1
 Magic Dart               Conj           100%       1d8       1%          1
 Passwall                 Tmut/Erth      35%        N/A       1%          2
 Searing Ray              Conj           90%        2d7       1%          2
 Wereblood                Tmut           30%        N/A       1%          2
 Inner Flame              Hex/Fire       36%        N/A       1%          3
 Flame Wave               Conj/Fire      46%        2d12      1%          4
 Fulminant Prism          Conj/Hex       17%        3d10      2%          4
 Arcjolt                  Conj/Air       19%        1d29      5%          5
 Frozen Ramparts          Ice            20%        1d4       6%          3
 Leda's Liquefaction      Hex/Erth       19%        N/A       6%          4
 Vhi's Electric Charge    Tloc/Air       42%        N/A       9%          3
 Spider Form              Tmut/Pois      20%        N/A       10%         3
 Lesser Beckoning         Tloc           20%        N/A       11%         2
 Portal Projectile        Hex/Tloc       34%        N/A       12%         3
 Call Canine Familiar     Summ           10%        N/A       22%         3
 Gell's Gravitas          Tloc           10%        N/A       22%         3
 Teleport Other           Tloc           10%        N/A       22%         3
 Plasma Beam              Fire/Air       19%        2x1d34    26%         6
 Ice Form                 Ice/Tmut       20%        N/A       32%         4
 Summon Ice Beast         Ice/Summ       10%        N/A       58%         4


Dungeon Overview and Level Annotations

Branches:
Dungeon (10/15)            Temple (1/1) D:4            Lair (3/5) D:9
  Swamp (0/4) Lair:3       Spider (0/4) Lair:3
    Orc: D:9-12

Altars:
Ashenzari
Cheibriados
Dithmenos
Elyvilon
Fedhas
Hepliaklqana
Kikubaaqudgha
Makhleb
Okawaru
Qazlal
Ru
Sif Muna
Trog
Vehumet
Wu Jian
Xom
Yredelemnul
Zin
The Shining One

Shops:
D:5 *=![=   D:6 ?

Annotations:
D:2 Grinder, Sigmund
D:4 1 runed translucent door, 00zero00's ghost, amateur HOFi; Dowan
D:8 Joseph


Innate Abilities, Weirdness & Mutations

You are immune to sickness and miasma.
Your stone body is resilient. (AC +8)
You are immune to poison.
You resist negative energy. (rN+)
You are resistant to electric shocks. (rElec)
You are resistant to unholy torment.
You are immune to petrification.


Message History

The stone arrow misses the culicivora.
The stone arrow hits the culicivora!!
The culicivora is almost dead.
The culicivora completely misses you.
The culicivora bites you but does no damage.
Casting: Stone Arrow (safe; 1% risk of failure)
Confirm with . or Enter, or press ? or * to list all spells.
Aiming: Stone Arrow (safe; 1% risk of failure)
Press: ? - help, Shift-Dir - straight line, f/p - culicivora
Aim: a culicivora (severely wounded, 57% to hit)
The stone arrow hits the culicivora!
You kill the culicivora!
Vehumet accepts your kill.
You feel your power returning. The culicivora completely misses you.
The culicivora bites you!!
* * * LOW HITPOINT WARNING * * *
The culicivora bites you!
* * * LOW HITPOINT WARNING * * *
The culicivora closely misses you.
You blink.
You fade into invisibility!
The culicivora's many legs skitter faintly.
The culicivora is no longer blind.
The culicivora misses you.
The culicivora is no longer blind.
You feel stable enough to blink again. The culicivora closely misses you.
You hit the culicivora.
The culicivora is lightly wounded.
Casting: Stone Arrow (safe; 1% risk of failure)
Confirm with . or Enter, or press ? or * to list all spells.
Aiming: Sticky Flame (dangerous; 1% risk of failure)
Press: ? - help, Shift-Dir - straight line, f - culicivora
Aim: a culicivora (lightly wounded, unable to see you)
The sticky flame hits the culicivora.
The culicivora is lightly wounded.
The culicivora is covered in liquid flames!
The culicivora's many legs skitter faintly.
The culicivora burns!
The culicivora bites you!
* * * LOW HITPOINT WARNING * * *
The culicivora burns!
The culicivora bites you!
You die...

... #.##.#.†s.# .## ....
##†...#.#.##.(.## ...>
##......#...#....# ....
#†^..#.#.....#....
....##.....#...#......
......#.†..##...#...†#
......#######....#
......#######..s##
......##s.......@# ...
......##.....#...##...
......##...†..........
.......#............#..
##.....##+P###......#.+#.
#.....#....................#
#.....†.................^..#
#..........................#
#..........................##


You could see a culicivora (unable to see you, burning).

Vanquished Creatures
  2 catoblepae (Lair:2)
  An ugly thing (D:10)
  A black mamba (Lair:2)
  A cane toad (Lair:1)
  2 kobold demonologists (D:9)
  2 rime drakes (Lair:1)
  A komodo dragon (Lair:1)
  2 trolls
  A hornet (D:9)
  5 blink frogs (Lair:1)
  A slime creature (D:7)
  A culicivora (Lair:3)
  2 basilisks
  8 spriggans (D:9)
  A wraith (D:9)
  20 yaks
  3 steam dragons
  2 swamp worms (Lair:3)
  6 water moccasins
  3 orc warriors
  An ice beast (D:5)
  A sky beast (D:6)
  3 black bears
  2 ogres (D:5)
  6 centaurs
  6 kobold brigands
  8 bullfrogs
  A gnoll sergeant (D:5)
  2 scorpions
  9 wights
  7 killer bees
  2 electric eels (D:10)
  3 howler monkeys
  5 hounds
  6 jellies
  6 orc priests
  A gnoll bouda (D:9)
  5 iguanas
  10 orc wizards
  3 sleepcaps
  11 gnolls
  4 adders
  2 shadow imps
  A white imp (D:5)
  2 worms
  A dart slug (D:4)
  15 orcs
  6 ball pythons
  8 endoplasms
  7 giant cockroaches
  6 goblins
  8 hobgoblins
  2 jackals (D:1)
  33 kobolds
  4 quokkas
  8 bats
  3 frilled lizards
  9 rats
282 creatures vanquished.

Notes
Turn   | Place    | Note
-------+----------+-------------------------------------------
     0 | D:1      | Draugr the Gargoyle Earth Elementalist began the quest for
                  | the Orb.
     0 | D:1      | Reached XP level 1. HP: 10/10 MP: 3/3
    39 | D:1      | Reached skill level 1 in Fighting
   159 | D:1      | Reached XP level 2. HP: 16/16 MP: 1/5
   454 | D:1      | Reached skill level 1 in Transmutations
   730 | D:1      | Reached skill level 1 in Maces & Flails
   733 | D:1      | Reached XP level 3. HP: 20/20 MP: 2/6
  1155 | D:2      | Noticed Sigmund
  1310 | D:2      | Reached skill level 1 in Short Blades
  1328 | D:2      | Reached XP level 4. HP: 23/25 MP: 7/7
  1604 | D:2      | Learned a level 3 spell: Stone Arrow
  1743 | D:3      | Noticed Grinder
  1870 | D:3      | Paralysed by Grinder for 4 turns
  1879 | D:2      | Paralysed by Grinder for 4 turns
  1997 | D:3      | Identified a scroll of acquirement
  2003 | D:3      | Acquired the ring "Wotoid" {+Blink rF+ rN+ Int+6 Stlth+}
  2484 | D:4      | Reached XP level 5. HP: 29/29 MP: 8/8
  2529 | D:4      | Found a shadowy altar of Dithmenos.
  2570 | D:4      | Found a broken altar of Ashenzari.
  2877 | D:4      | Reached XP level 6. HP: 33/34 MP: 9/9
  2974 | D:4      | Found a staircase to the Ecumenical Temple.
  2993 | Temple   | Entered the Ecumenical Temple
  3158 | Temple   | Became a worshipper of Vehumet
  3193 | D:4      | Found a runed translucent door.
  3193 | D:4      | Noticed 00zero00's ghost (amateur HOFi)
  3376 | D:4      | Noticed Dowan
  3809 | D:5      | Entered Level 5 of the Dungeon
  3924 | D:5      | Reached skill level 5 in Earth Magic
  4105 | D:5      | Noticed a black bear
  4133 | D:5      | Killed a black bear
  4134 | D:5      | Reached XP level 7. HP: 38/38 MP: 10/10
  4255 | D:5      | Found Enibovet's Jewellery Emporium.
  4384 | D:5      | Learned a level 4 spell: Sticky Flame
  4451 | D:5      | Found Ryemobaj's General Store.
  4460 | D:5      | Bought a potion of curing for 36 gold pieces
  4460 | D:5      | Bought a scroll of identify for 24 gold pieces
  4575 | D:5      | Found Lillib's Distillery.
  4596 | D:5      | Bought a potion of might for 48 gold pieces
  4596 | D:5      | Bought a potion of degeneration for 12 gold pieces
  4611 | D:5      | Reached XP level 8. HP: 43/43 MP: 13/15
  4680 | D:5      | Found Ahirph's Antique Armour Shoppe.
  4783 | D:5      | Reached skill level 5 in Spellcasting
  4904 | D:5      | Found Upiusagu's Jewellery Shop.
  5128 | D:4      | Reached * piety under Vehumet
  5128 | D:4      | Offered knowledge of Shock by Vehumet.
  5129 | D:4      | Reached skill level 1 in Fire Magic
  5530 | D:6      | You fall into a shaft and drop 3 floors!
  5602 | D:9      | Noticed a yak
  5712 | D:8      | Reached skill level 5 in Conjurations
  6180 | D:7      | Reached XP level 9. HP: 23/47 MP: 13/16
  6258 | D:7      | Reached skill level 5 in Fire Magic
  6342 | D:6      | Reached skill level 1 in Evocations
  6528 | D:6      | Offered knowledge of Scorch by Vehumet.
  6536 | D:6      | Learned a level 2 spell: Scorch
  6608 | D:6      | Reached ** piety under Vehumet
  6701 | D:6      | Identified the +4 dagger of Yjaev {drain, rC+ Int-5 Dex+3
                  | Stlth+}
  6806 | D:6      | Found Kicyrghur's Magic Scroll Boutique.
  6813 | D:6      | Bought a scroll of identify for 22 gold pieces
  6813 | D:6      | Bought a scroll of blinking for 82 gold pieces
  8279 | D:8      | Noticed Joseph
  8340 | D:8      | Offered knowledge of Dazzling Flash by Vehumet.
  8347 | D:7      | Learned a level 3 spell: Dazzling Flash
  8430 | D:8      | Identified the +1 leather armour "Wasch" {Int+2}
  8434 | D:7      | Reached skill level 1 in Hexes
  8449 | D:8      | Reached XP level 10. HP: 58/58 MP: 17/17
  8458 | D:8      | Reached *** piety under Vehumet
  8640 | D:8      | Found a blossoming altar of Fedhas.
  8862 | D:7      | Reached skill level 1 in Armour
  9389 | D:9      | Noticed a kobold demonologist
  9549 | D:9      | Offered knowledge of Airstrike by Vehumet.
  9758 | D:9      | Learned a level 4 spell: Airstrike
  9868 | D:9      | Reached skill level 1 in Air Magic
 10302 | D:9      | Noticed a kobold demonologist
 10305 | D:9      | Killed a kobold demonologist
 10306 | D:9      | Reached skill level 5 in Stealth
 10309 | D:9      | Killed a kobold demonologist
 10310 | D:9      | Reached XP level 11. HP: 62/62 MP: 14/20
 10510 | D:9      | Found a glowing silver altar of Zin.
 10510 | D:9      | Found a stormy altar of Qazlal.
 10570 | D:9      | Reached **** piety under Vehumet
 10693 | D:9      | Found a staircase to the Lair.
 10828 | D:10     | Entered Level 10 of the Dungeon
 10828 | D:10     | Noticed a brown ugly thing
 10835 | D:10     | Killed a brown ugly thing
 10841 | D:10     | Learned a level 4 spell: Petrify
 11058 | D:10     | Offered knowledge of Lee's Rapid Deconstruction by Vehumet.
 11134 | D:10     | Found a burning altar of Makhleb.
 11148 | D:10     | Found an ancient bone altar of Kikubaaqudgha.
 11571 | Lair:1   | Entered Level 1 of the Lair of Beasts
 13072 | Lair:2   | Reached XP level 12. HP: 55/67 MP: 24/24
 13117 | Lair:2   | Noticed a catoblepas
 13129 | Lair:2   | Killed a catoblepas
 13159 | Lair:2   | Learned a level 5 spell: Lee's Rapid Deconstruction
 13541 | Lair:2   | Noticed a catoblepas
 13548 | Lair:2   | Killed a catoblepas
 14012 | Lair:3   | Found a staircase to the Swamp.
 14136 | Lair:3   | Found a hole to the Spider Nest.
 14161 | Lair:3   | Slain by a culicivora

Illustrated notes

Levels and vault maps discovered:
D:1:      minmay_arrival_solitary_statue, layout_loops_ring, minivault_24,
          nicolae_hexahallways, hex_medium, columned_hall_lemuel,
          minmay_pentomino_w4
D:2:      layout_loops_ring, uniq_sigmund, uniq_jessica
D:3:      layout_basic, uniq_grinder
D:4:      layout_cave_pods, lemuel_doored_altar, nicolae_ashenzari_skybound,
          minmay_temple_entry_offerings, gammafunk_ghost_grave,
          grunt_decor_mini_mirrors, uniq_duvessa
D:5:      layout_loops_corners, serial_shops, shop, shop, shop, shop,
          nicolae_shop_advertising_works [nicolae_subvault_shop_adworks]
D:6:      layout_cave_pods, serial_shops, nicolae_shop_rolled_up,
          gup_sewer_entry_bowl, corexii_leaking_fountain
D:7:      cheibrodos_fertilizer, layout_basic
D:8:      layout_cave_pools, lemuel_round_altar, uniq_joseph
D:9:      kb_forest_paths, layout_irregular_city,
          gammafunk_temple_overflow_wave, grunt_lair_entry_orc_guard_hut
D:10:     layout_roguey, nicolae_overflow_squiral
Temple:   regret_index_temple_generic_petals
Lair:1:   layout_layer_cave, grunt_megastairs_3
Lair:2:   layout_concentric_octagons, grunt_megastairs_2
Lair:3:   nzn_winding_woodlands_cross
          [nzn_winding_woodlands_5x15_pathside_ponds,
          nzn_winding_woodlands_5x15_longhouse,
          nzn_winding_woodlands_5x15_cabin, nzn_winding_woodlands_5x15_parted,
          nzn_winding_woodlands_15x15_thick_spiral], layout_regular_city,
          minmay_swamp_entry_worms, hellmonk_spider_entry_life_and_decay

Skill      XL: |  1  2  3  4  5  6  7  8  9 10 11 12 |
---------------+-------------------------------------+-----
Fighting       | 1 4 |  4.4
Stealth        | 3 4 6 7 |  7.0
Transmutations | 1 4 |  4.0
Maces & Flails | 1 |  1.0
Earth Magic    | 4 6 8 |  8.7
Short Blades   | 1 3 |  3.3
Conjurations   | 2 4 6 7 |  7.0
Spellcasting   | 4 5 6 8 |  8.2
Fire Magic     | 4 5 7 |  7.3
Evocations     | 4 |  4.4
Hexes          | 2 |  2.9
Armour         | 3 |  3.6
Air Magic      | 4 |  4.2
Dodging        | 2 |  2.8

Action                     |  1- 3 |  4- 6 |  7- 9 | 10-12 || total
---------------------------+-------+-------+-------+-------++-------
  Melee: Unarmed           |     5 |       |       |       ||     5
         Punch             |     2 |       |       |       ||     2
         Whip              |    30 |       |       |       ||    30
         Dagger            |    25 |    78 |    73 |    91 ||   267
         Short sword       |     2 |       |    55 |   104 ||   161
   Cast: Sandblast         |    33 |    30 |    14 |     4 ||    81
         Stone Arrow       |       |    16 |    95 |   101 ||   212
         Scorch            |       |       |     3 |    10 ||    13
         Sticky Flame      |       |       |     2 |    54 ||    56
         Dazzling Flash    |       |       |       |     6 ||     6
Ability: Evoke Blink       |       |       |       |     2 ||     2
    Use: Scroll            |       |     8 |     5 |     7 ||    20
         Potion            |       |       |     2 |     2 ||     4
   Stab: Sleeping          |     7 |     4 |     8 |    14 ||    33
         Invisible         |       |       |       |     3 ||     3
         Distracted        |       |       |       |     1 ||     1
 Armour: Robe              |    30 |    36 |    52 |       ||   118
         Steam dragon scal |       |       |    35 |   119 ||   154
         Troll leather arm |       |       |       |    53 ||    53
  Dodge: Dodged            |    41 |    51 |    99 |   207 ||   398
